 Dungeon Crawl Stone Soup version 0.28-a0-863-g8cecda6153 (webtiles) character file.

Game seed: 6822658646919438139

67 vineage the Skirmisher (level 4, -2/37 HPs)
             Began as a Demonspawn Gladiator on Nov 19, 2021.
             Slain by an orc priest (5 damage)
             ... on level 3 of the Dungeon.
             The game lasted 00:02:59 (2398 turns).

vineage the Skirmisher (Demonspawn Gladiator)       Turns: 2398, Time: 00:02:59

Health: -2/37      AC:  4    Str: 15    XL:     4   Next: 0%
Magic:  4/4        EV: 12    Int: 10    God:
Gold:   138        SH:  0    Dex: 16    Spells: 3/3 levels left

rFire   . . .      SeeInvis .   e - +0 whip (flame)
rCold   . . .      Faith    .   (no shield)
rNeg    . . .      Spirit   .   b - +0 leather armour
rPois   .          Reflect  .   c - +0 helmet
rElec   .          Harm     .   (no cloak)
rCorr   .          Rampage  .   (no gloves)
Will    .....                   (no boots)
Stlth   ++........              l - amulet of regeneration
HPRegen 1.12/turn               j - ring of wizardry
MPRegen 0.09/turn               (no ring)

@: hasted, very quick
A: thin skeletal structure 1, powered by pain 1
a: no special abilities


You were on level 3 of the Dungeon.
You visited 1 branch of the dungeon, and saw 3 of its levels.

You collected 138 gold pieces.

Inventory:

Hand Weapons
 a - a +0 war axe
 e - a +0 whip of flaming (weapon)
Missiles
 d - 3 throwing nets (quivered)
Armour
 b - a +0 leather armour (worn)
 c - a +0 helmet (worn)
Jewellery
 j - a ring of wizardry (left hand)
 l - an amulet of regeneration (around neck)
Scrolls
 h - a scroll of acquirement {unknown}
Potions
 f - a potion of ambrosia {unknown}
 g - 2 potions of haste
 i - a potion of invisibility {unknown}
 k - a potion of lignification {unknown}


   Skills:
 * Level 3.7 Fighting
 - Level 2.6 Axes
 - Level 1.7 Throwing
 + Level 1.6 Armour
 - Level 2.6 Dodging


You had 3 spell levels left.
You didn't know any spells.
Your spell library was empty.

Dungeon Overview and Level Annotations

Branches:
Dungeon (3/15)

Altars:


Innate Abilities, Weirdness & Mutations

You have a somewhat thin skeletal structure. (Dex +2, Stealth+)
You sometimes gain a little power by taking damage.


Message History

You hit the orc priest but do no damage.
The orc priest mumbles some strange prayers to Beogh against you.
Pain shoots through your body! The orc barely misses you.
You barely miss the orc priest. The orc priest misses you.
The orc hits you with a +0 club.
You hit the orc priest but do no damage.
The orc priest hits you but does no damage.
The orc closely misses you.
You hit the orc priest. You burn the orc priest.
The orc priest is moderately wounded.
The orc priest barely misses you. The orc closely misses you.
The orc priest barely misses you.
You hit the orc priest but do no damage.
The orc priest is moderately wounded.
The orc hits you with a +0 club.
The orc priest hits you with a +0 hand axe.
You completely miss the orc priest.
The orc priest is moderately wounded.
The orc hits you with a +0 club.
The orc priest begins to cast a cantrip, but forgets the words!
You hit the orc priest but do no damage.
The orc priest is moderately wounded.
The orc hits you but does no damage.
The orc priest hits you but does no damage.
You barely miss the orc priest.
The orc priest is moderately wounded.
The orc hits you with a +0 club. The orc priest closely misses you.
You hit the orc priest. You burn the orc priest.
The orc priest is heavily wounded.
The orc completely misses you. The orc priest barely misses you.
You closely miss the orc priest.
The orc priest is heavily wounded.
The orc hits you with a +0 club.
The orc priest hits you with a +0 hand axe!
* * * LOW HITPOINT WARNING * * *
It was a potion of haste.
You feel yourself speed up. The orc hits you with a +0 club.
* * * LOW HITPOINT WARNING * * *
The orc priest hits you with a +0 hand axe.
You die...

........ #.....#
.....#####.
#.<....... #.........
#.#....... #.#.......
.... #.##...ro. ..###
... ###@##......
..... ...
##..ooor.....
......#.#
#..#.#.......
......#.#
##.##.#.#..... ...
#...####..##.#.# ###.
..# ..#..#...###.#..
..##.##.....## #.#..
.††..#..###......#..#
†..###.## #####..#..#


You could see an orc priest, 2 orcs and a quokka.

Vanquished Creatures
  An adder (D:2)
  A dart slug (D:2)
  3 orcs (D:2)
  4 bats
  5 endoplasms
  A giant cockroach (D:1)
  8 goblins
  5 hobgoblins
  5 jackals
  2 quokkas (D:1)
  5 ball pythons
  A frilled lizard (D:1)
  3 kobolds
44 creatures vanquished.

Notes
Turn   | Place    | Note
-------+----------+-------------------------------------------
     0 | D:1      | vineage the Demonspawn Gladiator began the quest for the
                  | Orb.
     0 | D:1      | Reached XP level 1. HP: 16/16 MP: 1/1
   267 | D:1      | Gained mutation: You have a somewhat thin skeletal
                  | structure. (Dex +2, Stealth+) [demonic ancestry]
   267 | D:1      | Reached XP level 2. HP: 22/23 MP: 2/2
   482 | D:1      | Reached skill level 1 in Armour
   566 | D:1      | Reached skill level 3 in Fighting
  1330 | D:2      | Reached XP level 3. HP: 29/29 MP: 3/3
  2339 | D:3      | Gained mutation: You sometimes gain a little power by
                  | taking damage. [demonic ancestry]
  2339 | D:3      | Reached XP level 4. HP: 34/37 MP: 4/4
  2398 | D:3      | Slain by an orc priest

Illustrated notes

Levels and vault maps discovered:
D:1:      minmay_arrival_shattered_statue, layout_basic
D:2:      layout_loops_ring, amethyst_killhole, guppyfry_early_orc_mine
D:3:      layout_rooms

Skill      XL: |  1  2 |
---------------+-------+-----
Armour         | 1 |  1.6
Fighting       | 3 |  3.7
Axes           | |  2.6
Throwing       | |  1.7
Dodging        | |  2.6

Action                   |  1- 3 |  4- 6 || total
-------------------------+-------+-------++-------
Melee: Whip              |   112 |    18 ||   130
       War axe           |     6 |       ||     6
  Use: Scroll            |     4 |       ||     4
       Potion            |       |     1 ||     1
 Stab: Sleeping          |     5 |       ||     5
Armor: Leather armour    |    36 |     6 ||    42
Dodge: Dodged            |    75 |    13 ||    88

Table legend: (Time is in decaauts)
 A = Elapsed time spent in this place.
 B = Non-inter-level travel time spent in this place.
 C = Inter-level travel time spent in this place.
 D = Time resting spent in this place.
 E = Time spent auto-exploring this place.
 F = Levels seen in this place.
 G = Mean time per level.
                   A        B        C        D        E       F      G
               +--------+--------+--------+--------+--------+-----+--------+
         Total |   2401 |   2341 |     60 |      0 |   2023 |   3 |  800.3 |
       Dungeon |   2401 |   2341 |     60 |      0 |   2023 |   3 |  800.3 |
               +--------+--------+--------+--------+--------+-----+--------+

Top non-repeatable levels by time:
     D:1: 1171 daAuts
     D:2: 1155 daAuts
     D:3: 74 daAuts
